 Dungeon Crawl Stone Soup version 0.26-a0-812-g31a745ddcd (webtiles) character file.

Game seed: 6780693780099488563

355 nicanaca0 the Sneak (level 6, -1/28 HPs)
             Began as a Spriggan Enchanter on Nov 22, 2020.
             Was a Believer of Dithmenos.
             Slain by Pikel
             ... wielding a +2 whip of freezing
              (3 damage)
             ... on level 4 of the Dungeon.
             The game lasted 00:09:01 (5528 turns).

nicanaca0 the Sneak (Spriggan Enchanter)            Turns: 5528, Time: 00:09:02

Health: -1/28      AC:  4    Str:  5    XL:     6   Next: 36%
Magic:  7/13       EV: 18    Int: 18    God:    Dithmenos [**....]
Gold:   179        SH:  0    Dex: 16    Spells: 11/14 levels left

rFire    . . .     SeeInvis +   a - +2 dagger
rCold    . . .     Faith    .   (shield restricted)
rNeg     . . .     Spirit   .   b - +1 robe
rPois    .         Reflect  .   (helmet restricted)
rElec    .         Harm     .   p - +0 cloak
rCorr    .         Rampage  .   (gloves unavailable)
MR       +....                  (boots unavailable)
Stlth    ++++......             (no amulet)
HPRegen  0.09/turn              (no ring)
MPRegen  0.13/turn              (no ring)

@: very slightly contaminated, wreathed by umbra, very quick
A: very small, unfitting armour, see invisible, speed 3
a: Shadow Step, Renounce Religion


You were on level 4 of the Dungeon.
You worshipped Dithmenos.
Dithmenos was pleased with you.
You visited 1 branch of the dungeon, and saw 4 of its levels.
You also visited: Sewer.

You collected 179 gold pieces.

Inventory:

Hand Weapons
 a - a +2 dagger (weapon)
 r - a +1 whip of freezing
Missiles
 m - 21 stones (quivered)
 q - 10 poisoned darts
Armour
 b - a +1 robe (worn)
 p - a +0 cloak (worn)
Scrolls
 c - a scroll of teleportation
 f - 3 scrolls of remove curse {@r2}
 h - a scroll of enchant armour
 n - 6 scrolls of identify {@r1}
Potions
 d - a potion of attraction {unknown}
 e - a potion of degeneration {unknown}
 g - 2 potions of might {unknown}
 i - 9 potions of heal wounds {@q2}
 j - 2 potions of cancellation
 k - 2 potions of flight {unknown}
 l - 7 potions of curing {unknown}


   Skills:
 - Level 1.1 Short Blades
 - Level 3.0 Dodging
 + Level 7.1 Stealth
 + Level 4.6 Spellcasting
 * Level 6.5 Hexes


You had 11 spell levels left.
You knew the following spells:

 Your Spells              Type           Power        Failure   Level
a - Corona                Hex            ####...      1%          1
b - Ensorcelled Hibernat  Hex/Ice        ###...       5%          2

Your spell library contained the following spells:

 Spells                   Type           Power        Failure   Level
 Confusing Touch          Hex            ####....     2%          3
 Tukima's Dance           Hex            ####....     2%          3
 Dazzling Flash           Conj/Hex       ###...       11%         3


Dungeon Overview and Level Annotations

Branches:
Dungeon (4/15)              Sewer (visited)
 Temple: D:4-7

Altars:
Dithmenos
Hepliaklqana
Nemelex Xobeh
Vehumet
Yredelemnul
Zin
The Shining One

Annotations:
D:4 Pikel


Innate Abilities, Weirdness & Mutations

You are very small and have problems with some larger weapons.
You are too small for most types of armour.
You have supernaturally acute eyesight. (SInv)
You cover ground extremely quickly.


Message History

Confirm with . or Enter, or press ? or * to list all spells.
You can't see any susceptible monsters within range! (Use Z to cast anyway.)
The helpless Pikel fails to defend himself.
You impale Pikel!!
Pikel is severely wounded.
Pikel hits you with a +2 whip of freezing.
Pikel freezes you.
You closely miss Pikel.
Pikel is severely wounded.
Pikel closely misses you.
Casting: Ensorcelled Hibernation (safe; 5% risk of failure)
Confirm with . or Enter, or press ? or * to list all spells.
Aiming: Ensorcelled Hibernation (safe; 5% risk of failure)
Press: ? - help, Shift-Dir - straight line, f - lemure, p - Pikel
Aim: a lemure (umbra, chance to defeat MR: 46%) Pikel is unaffected.
Pikel hits you with a +2 whip of freezing!
* * * LOW HITPOINT WARNING * * *
Pikel freezes you.
You die...

#.#.## #.# #.#.# #.#
#.#.##### #.#
######.......# #.#
.........###.# #.#
######.#####.# #.#
#.......##.# #.#
#.......##.###.# #
#.............@#####..>( .
#....<..##.....K55......
...
###.......############.###
#### .##.......#
.##.......# .######.###
....# #># ###.# #.# # #
#..


You could see Pikel and 2 lemures.

Vanquished Creatures
  2 big kobolds (Sewer)
  Crazy Yiuf (D:2)
  A worker ant (D:4)
  A river rat (D:3)
  5 adders
  2 oozes (Sewer)
  4 worms
  A dart slug (D:4)
  4 leopard geckos
  3 orcs
  6 ball pythons
  8 bats
  9 giant cockroaches
  8 goblins
  4 hobgoblins
  A quokka (D:3)
  A frilled lizard (D:3)
  19 kobolds
  11 rats
  A spectral orc (D:3)
92 creatures vanquished.

Vanquished Creatures (others)
  A fungus (Sewer)
  5 plants
6 creatures vanquished.

Grand Total: 98 creatures vanquished

Notes
Turn   | Place    | Note
-------+----------+-------------------------------------------
     0 | D:1      | nicanaca0 the Spriggan Enchanter began the quest for the
                  | Orb.
     0 | D:1      | Reached XP level 1. HP: 9/9 MP: 5/5
   533 | D:1      | Reached XP level 2. HP: 10/13 MP: 4/6
   854 | D:1      | Learned a level 2 spell: Ensorcelled Hibernation
  1106 | D:2      | Found a glowing golden altar of the Shining One.
  1155 | D:2      | Reached skill level 5 in Stealth
  1387 | D:2      | Reached XP level 3. HP: 16/16 MP: 4/8
  1610 | D:2      | Found a shadowy altar of Dithmenos.
  1640 | D:2      | Became a worshipper of Dithmenos the Shadowed
  1841 | D:2      | Found a runed translucent door.
  1842 | D:2      | Noticed Crazy Yiuf
  2281 | D:2      | Found a glowing silver altar of Zin.
  2363 | D:2      | Found a hazy altar of Hepliaklqana.
  2422 | D:2      | Killed Crazy Yiuf
  2422 | D:2      | Reached XP level 4. HP: 6/21 MP: 2/10
  2773 | D:3      | Reached skill level 5 in Hexes
  2786 | D:3      | You fall into a shaft and drop 1 floor!
  2873 | D:3      | Found a radiant altar of Vehumet.
  2920 | D:3      | Reached skill level 6 in Stealth
  2955 | D:3      | Found a basalt altar of Yredelemnul.
  3537 | D:3      | Found a glowing drain.
  3546 | Sewer    | Entered a sewer
  3670 | Sewer    | Noticed a big kobold
  3674 | Sewer    | Killed a big kobold
  3674 | Sewer    | Reached XP level 5. HP: 24/24 MP: 8/12
  3807 | Sewer    | Reached * piety under Dithmenos
  4317 | Sewer    | Reached XP level 6. HP: 18/28 MP: 6/13
  4818 | D:4      | Reached skill level 7 in Stealth
  5173 | D:3      | Found a sparkling altar of Nemelex Xobeh.
  5185 | D:3      | Reached ** piety under Dithmenos
  5450 | D:4      | Noticed Pikel
  5528 | D:4      | Slain by Pikel

Illustrated notes

Levels and vault maps discovered:
D:1:      psy_arrival_dodecagon, layout_loops_ring, serial_forest,
          infiniplex_forest_lined_corner, infiniplex_forest_straight_3,
          infiniplex_forest_straight_2, infiniplex_forest_clump_diagonal,
          infiniplex_forest_straight_4, infiniplex_forest_corner_1,
          infiniplex_forest_lined_corner, infiniplex_forest_clump_diagonal
D:2:      layout_loops_ring, lemuel_crystal_altar, zin_scriptorium,
          lemuel_coloured_pillars_altar, overflow_temple_1_default,
          uniq_crazy_yiuf_cottage
D:3:      layout_loops_corners, yredelemnul_forgotten_temple_becter,
          vehumet_crystals, lemuel_crystal_altar, portal_sewer_entry_a
D:4:      layout_loops_ring, nicolae_ru_the_path_less_chosen, kennysheep_mini,
          lemuel_blue_sif_altar, lightli_temple_of_fire, serial_shops,
          shop_fountains, enter_ossuary_2, doesnt_xom_only_xom, uniq_pikel,
          uniq_blork_the_orc

Skill      XL: |  1  2  3  4  5  6 |
---------------+-------------------+-----
Hexes          | 4 5 6 |  6.5
Spellcasting   | 3 4 |  4.6
Stealth        | 5 6 7 |  7.1
Short Blades   | |  1.1
Dodging        | |  3.0

Action                   |  1- 3 |  4- 6 || total
-------------------------+-------+-------++-------
Melee: Dagger            |   113 |   143 ||   256
Throw: Stone             |       |     1 ||     1
 Cast: Corona            |    22 |     3 ||    25
       Ensorcelled Hiber |    12 |    53 ||    65
  Use: Scroll            |       |     9 ||     9
 Stab: Sleeping          |    14 |    44 ||    58
       Distracted        |       |     2 ||     2
Armor: Robe              |    12 |    16 ||    28
Dodge: Dodged            |   102 |   146 ||   248

Table legend: (Time is in decaauts)
 A = Elapsed time spent in this place.
 B = Non-inter-level travel time spent in this place.
 C = Inter-level travel time spent in this place.
 D = Time resting spent in this place.
 E = Time spent auto-exploring this place.
 F = Levels seen in this place.
 G = Mean time per level.
                   A        B        C        D        E       F      G
               +--------+--------+--------+--------+--------+-----+--------+
         Total |   4322 |   4116 |    206 |    586 |   2652 |   5 |  864.4 |
       Dungeon |   3499 |   3293 |    206 |    398 |   2197 |   4 |  874.8 |
         Sewer |    822 |    822 |      0 |    188 |    455 |   1 |  822.0 |
               +--------+--------+--------+--------+--------+-----+--------+

Top non-repeatable levels by time:
     D:2: 1302 daAuts
     D:3: 1091 daAuts
   Sewer: 822 daAuts
     D:1: 820 daAuts
     D:4: 285 daAuts
